 Dungeon Crawl Stone Soup version 0.27-a0-562-g0d39f094a4 (webtiles) character file.

Game seed: 3449701909061813605

275 delverdan the Vexing (level 6, -9/32 HPs)
             Began as a Kobold Enchanter on Mar 9, 2021.
             Was an Initiate of Gozag.
             Splashed by Pikel's acid (11 damage)
             ... on level 4 of the Dungeon.
             The game lasted 00:16:19 (5661 turns).

delverdan the Vexing (Kobold Enchanter)             Turns: 5661, Time: 00:16:20

Health: -9/32      AC:  3    Str:  6    XL:     6   Next: 49%
Magic:  8/9        EV: 15    Int: 18    God:    Gozag
Gold:   266        SH:  0    Dex: 15    Spells: 3/9 levels left

rFire    . . .     SeeInvis .   s - +2 dagger (speed)
rCold    . . .     Faith    .   (shield restricted)
rNeg     . . .     Spirit   .   b - +0 robe
rPois    +         Reflect  .   t - +0 helmet
rElec    .         Harm     .   (no cloak)
rCorr    .         Rampage  .   (no gloves)
Will     .....                  (no boots)
Stlth    ++++......             o - amulet of regeneration
HPRegen  1.10/turn              l - +4 ring of protection
MPRegen  0.11/turn              w - ring of poison resistance

@: corroded, gold aura
A: small, nightstalker 3
a: Renounce Religion, Potion Petition, Call Merchant, Bribe Branch


You were on level 4 of the Dungeon.
You worshipped Gozag.
Gozag was aware of your devotion.
You visited 2 branches of the dungeon, and saw 5 of its levels.

You collected 361 gold pieces.
You paid 95 gold pieces to Gozag.

Inventory:

Hand Weapons
 s - a +2 dagger of speed (weapon)
Missiles
 v - 7 poisoned darts
Armour
 b - a +0 robe (worn)
 t - a +0 helmet (worn)
Jewellery
 l - a +4 ring of protection (left hand)
 o - an amulet of regeneration (around neck)
 w - a ring of poison resistance (right hand)
Wands
 a - a wand of charming (2)
 u - a wand of iceblast (7)
Scrolls
 c - 2 scrolls of noise {unknown}
 d - 3 scrolls of identify {unknown}
 g - a scroll of blinking {unknown}
 h - a scroll of fog {unknown}
 j - 5 scrolls of teleportation {unknown}
 m - 3 scrolls of magic mapping {unknown}
 p - a scroll of random uselessness {unknown}
 q - a scroll of enchant armour {unknown}
 r - a scroll of enchant weapon {unknown}
 x - 2 scrolls of amnesia {unknown}
Potions
 e - a potion of haste {unknown}
 f - 3 potions of degeneration {unknown}
 i - a potion of curing {unknown}
 k - 2 potions of mutation {unknown}
 n - a potion of resistance {unknown}


   Skills:
 - Level 2.0 Short Blades
 - Level 3.0 Dodging
 - Level 5.0 Stealth
 - Level 2.1 Spellcasting
 + Level 5.7 Hexes
 - Level 2.0 Ice Magic


You had 3 spell levels left.
You knew the following spells:

 Your Spells              Type           Power      Damage    Failure   Level
a - Corona                Hex            24%        N/A       1%          1
b - Ensorcelled Hibernat  Hex/Ice        30%        N/A       5%          2
c - Tukima's Dance        Hex            22%        N/A       4%          3

Your spell library contained the following spells:

 Spells                   Type           Power      Damage    Failure   Level
 Confusing Touch          Hex            22%        N/A       4%          3
 Dazzling Flash           Conj/Hex       24%        N/A       17%         3


Dungeon Overview and Level Annotations

Branches:
Dungeon (4/15)             Temple (1/1) D:4

Altars:
Ashenzari
Cheibriados
Dithmenos
Elyvilon
Fedhas
Gozag
Hepliaklqana
Kikubaaqudgha
Nemelex Xobeh
Ru
Uskayaw
Xom

Annotations:
D:4 Dowan, Duvessa, Pikel


Innate Abilities, Weirdness & Mutations

You are small and have problems with some larger weapons.
You are completely attuned to the shadows.


Message History

The lemure is almost dead.
The lemure closely misses you.
You hit the lemure but do no damage.
The lemure is almost dead.
You hit the lemure but do no damage.
The lemure is almost dead.
The lemure hits you but does no damage.
You closely miss the lemure.
The lemure is almost dead.
You closely miss the lemure.
The lemure is almost dead.
The lemure completely misses you.
You hit the lemure.
You kill the lemure!
That felt strangely unrewarding.
w - a ring of poison resistance (right hand) Search for what [Enter for "art", or ? for help]? sword Search for what [Enter for "sword", or ? for help]? blade A worker ant comes into view.
Pikel the Slaver comes into view.
He is wielding a +0 whip of flaming and carrying a wand of acid (10).
You closely miss the adder. The adder completely misses you.
Casting: Tukima's Dance (dangerous; 5% risk of failure)
Confirm with . or Enter, or press ? or * to list all spells.
Aiming: Ensorcelled Hibernation (safe; 5% risk of failure)
Press: ? - help, Shift-Dir - straight line, f - adder
Aim: an adder (chance to affect: 54%)
The adder looks drowsy...
The helpless adder fails to defend itself.
You impale the adder!!
You kill the adder!
A lemure comes into view.
The worker ant becomes distracted by the nearby gold, dreaming of imaginary riches.
Pikel zaps a wand.
The bolt of acid hits you! The acid corrodes you!
You are splashed with acid!
* * * LOW HITPOINT WARNING * * *
Pikel zaps a wand.
The bolt of acid hits you!
* * * LOW HITPOINT WARNING * * *
You are splashed with acid!
You die...
Your body crumbles into a pile of gold.

########
#####.....)# .
..##.####.# #.
#.##.####.#####
#..#.##.##.......#
..B.....(..#.###.#
#..#$##.####.# #.#
#.
#.##.K....###<###
5
..#######@......#
#### #.###.#.#
#######.###.###
#.....#.##..#
#.....#.##.##
#.....#.##.### #
#.....#......# #
#.....#......# #
###......#.###


You could see Pikel.

Vanquished Creatures
  A lemure (D:4)
  A hound (D:4)
  2 orc wizards (D:4)
  A worker ant (D:4)
  Robin (D:3)
  2 adders
  2 oozes
  An adder skeleton (D:4)
  A worm (D:3)
  10 dart slugs
  5 leopard geckos
  8 orcs
  3 giant cockroaches
  13 hobgoblins
  2 jackals (D:1)
  A quokka (D:3)
  A ball python (D:1)
  8 bats
  6 frilled lizards
  12 goblins
  11 kobolds
  4 rats
96 creatures vanquished.

Notes
Turn   | Place    | Note
-------+----------+-------------------------------------------
     0 | D:1      | delverdan the Kobold Enchanter began the quest for the Orb.
     0 | D:1      | Reached XP level 1. HP: 10/10 MP: 3/3
   313 | D:1      | Reached XP level 2. HP: 15/15 MP: 5/5
  1111 | D:2      | Learned a level 2 spell: Ensorcelled Hibernation
  1301 | D:2      | Found an ancient bone altar of Kikubaaqudgha.
  1338 | D:2      | Reached XP level 3. HP: 17/19 MP: 3/6
  1349 | D:2      | Reached skill level 5 in Stealth
  1609 | D:2      | Found a snail-covered altar of Cheibriados.
  1609 | D:2      | Found a sacrificial altar of Ru.
  2098 | D:1      | Reached skill level 1 in Ice Magic
  2329 | D:1      | Reached XP level 4. HP: 12/24 MP: 5/7
  3448 | D:3      | Noticed Robin
  4048 | D:3      | Killed Robin
  4049 | D:3      | Reached XP level 5. HP: 17/28 MP: 6/8
  4739 | D:4      | Reached skill level 5 in Hexes
  4739 | D:4      | Reached XP level 6. HP: 28/32 MP: 3/9
  4753 | D:4      | Learned a level 3 spell: Tukima's Dance
  4821 | D:4      | Found a staircase to the Ecumenical Temple.
  4827 | Temple   | Entered the Ecumenical Temple
  5144 | Temple   | Became a worshipper of Gozag Ym Sagoz the Greedy
  5397 | D:4      | Noticed Duvessa
  5397 | D:4      | Noticed Dowan
  5650 | D:4      | Noticed Pikel
  5661 | D:4      | Splashed by Pikel's acid

Illustrated notes

Levels and vault maps discovered:
D:1:      sevenhm_arrival_forest_fort_large_2, layout_basic
D:2:      layout_basic, lemuel_crystal_altar, gammafunk_temple_overflow_pools,
          minivault_5
D:3:      layout_basic, uniq_robin
D:4:      kennysheep_slugbush, layout_loops_cross,
          lemuel_zombie_altar_yredelemnul, minmay_temple_entry_enclosed_plants,
          uniq_pikel, uniq_duvessa
Temple:   compressed_dpeg_triangle_lava_temple

Skill      XL: |  1  2  3  4  5 |
---------------+----------------+-----
Short Blades   | 2 |  2.0
Dodging        | 3 |  3.0
Stealth        | 5 |  5.0
Ice Magic      | 1 2 |  2.0
Hexes          | 5 |  5.7
Spellcasting   | |  2.1

Action                   |  1- 3 |  4- 6 || total
-------------------------+-------+-------++-------
Melee: Dagger            |   149 |   387 ||   536
 Cast: Ensorcelled Hiber |     5 |    10 ||    15
       Tukima's Dance    |       |     1 ||     1
 Stab: Sleeping          |    18 |    18 ||    36
       Distracted        |       |     1 ||     1
Armor: Robe              |    31 |    48 ||    79
Dodge: Dodged            |   138 |   206 ||   344

Table legend: (Time is in decaauts)
 A = Elapsed time spent in this place.
 B = Non-inter-level travel time spent in this place.
 C = Inter-level travel time spent in this place.
 D = Time resting spent in this place.
 E = Time spent auto-exploring this place.
 F = Levels seen in this place.
 G = Mean time per level.
                   A        B        C        D        E       F      G
               +--------+--------+--------+--------+--------+-----+--------+
         Total |   5561 |   5226 |    335 |   1002 |   3112 |   5 | 1112.2 |
       Dungeon |   5225 |   4959 |    266 |   1002 |   2851 |   4 | 1306.2 |
        Temple |    335 |    266 |     69 |      0 |    261 |   1 |  335.0 |
               +--------+--------+--------+--------+--------+-----+--------+

Top non-repeatable levels by time:
     D:2: 1762 daAuts
     D:1: 1693 daAuts
     D:3: 1233 daAuts
     D:4: 536 daAuts
  Temple: 335 daAuts
